Map: Heavy Artillery LE

Players

Massa

  • Race: Terran Terran
  • League: Platinum
  • Spawn Location: 3:00

qqq

  • Race: Zerg Zerg
  • Spawn Location: 1:00

Predator - Winner!

  • Race: Terran Terran
  • Spawn Location: 7:00

Jonny - Winner!

  • Race: Protoss Protoss
  • Spawn Location: 7:00

VOD

Have the link to the VOD?

Description

Time

  • Played on: March 25, 2021, 4:04 p.m.
  • Length: 14:39
Show
View Real Time Build Order
Export as new Build Order

Massa Terran 

Build Orders: Reaper Expand, Hellion Banshee 

Get SALT Encoding   

  12  0:00  SCV  
  13  0:12  SCV  
  14  0:24  Supply Depot  
  14  0:25  SCV  
  15  0:42  Refinery  
  15  0:46  SCV  
  15  0:47  Barracks  
  16  0:58  SCV  
  17  1:10  SCV  
  18  1:22  SCV  
  19  1:34  Orbital Command  
  19  1:36  Reaper  
  20  1:46  Command Center  
  21  2:01  SCV  
  21  2:07  Supply Depot  
  21  2:08  Factory  
  21  2:24  Barracks Reactor  
  21  2:27  SCV  
  22  2:31  Engineering Bay  
  22  2:39  SCV  
  23  3:05  SCV  
  23  3:11  Starport  
  23  3:13  Orbital Command  
  23  3:15  Refinery  
  22  3:49  Hellion x2  
  22  3:50  Barracks Tech Lab  
  22  3:51  Starport Tech Lab  
  22  3:54  SCV x2  
  28  4:03  Missile Turret  
  28  4:06  SCV  
  28  4:07  SCV, Terran Infantry Weapons Level 1  
  28  4:08  Supply Depot  
  30  4:10  Hellion x2  
  30  4:14  Banshee, Missile Turret  
  37  4:19  SCV x2  
  37  4:23  Refinery  
  39  4:31  SCV x2, Hellion  
  41  4:32  Hellion  
  45  4:39  Cloaking Field  
  45  4:43  SCV x2  
  47  4:47  Refinery  
  47  4:53  Hellion x2  
  47  4:55  SCV x2  
  47  4:56  Barracks  
  53  5:06  Stimpack  
  53  5:14  Marauder  
  48  5:28  Medivac  
  48  5:30  SCV x2  
  52  5:42  SCV x2  
  43  5:54  SCV  
  43  5:55  Barracks Reactor  
  40  6:01  Barracks  
  40  6:05  Barracks  
  40  6:08  Marauder  
  40  6:09  Widow Mine x2  
  46  6:14  Terran Infantry Armor Level 1  
  46  6:17  Medivac  
  46  6:18  Armory  
  48  6:23  Missile Turret  
  48  6:29  Marine  
  48  6:30  Widow Mine  
  48  6:31  Widow Mine, Missile Turret x2  
  53  6:40  Marine  
  54  6:48  Supply Depot x2  
  54  6:56  Barracks Reactor, SCV, Barracks Tech Lab  
  54  6:58  SCV  
  54  7:09  SCV, Marine x2  
  54  7:10  SCV, Command Center  
  54  7:11  Supply Depot  
  58  7:21  SCV  
  58  7:22  SCV  
  60  7:24  Widow Mine x2  
  60  7:25  Marine x2  
  60  7:27  Marine x2  
  60  7:29  Medivac  
  70  7:31  Combat Shield  
  70  7:34  Marine x2  
  70  7:36  Concussive Shells  
  72  7:43  Marine  
  73  7:46  Widow Mine x2, SCV  
  78  8:12  SCV  
  78  8:14  SCV, Marine x2  
  78  8:17  Marauder, Marine  
  78  8:19  Marauder  
  77  8:20  Marine  
  77  8:24  SCV  
  77  8:25  Medivac  
  81  8:32  Marine x2  
  83  8:39  Marauder  
  83  8:40  Factory Tech Lab  
  83  8:41  Starport  
  81  8:44  Marine x3  
  81  8:50  Marine x2  
  83  8:59  Marine  
  83  9:05  Marine x2  
  83  9:06  Marauder  
  83  9:07  Marine  
  83  9:08  Siege Tank  
  91  9:11  Medivac  
  93  9:25  Orbital Command, Supply Depot  
  93  9:26  Supply Depot  
  93  9:27  Supply Depot  
  93  9:31  Supply Depot x2  
  93  9:35  Terran Infantry Weapons Level 2  
  93  9:40  Engineering Bay  
  93  9:46  SCV, Marine x3, Medivac  
  93  9:47  Marauder, Marine x2  
  93  9:48  SCV, Siege Tank  
  107  9:57  Viking x2  
  107  9:59  SCV  
  112  10:00  SCV  
  112  10:04  Marine x2  
  115  10:09  SCV  
  115  10:11  SCV  
  115  10:12  SCV  
  115  10:14  Missile Turret  
  118  10:16  Viking, Missile Turret  
  118  10:20  Siege Tank  
  118  10:21  SCV  
  124  10:23  SCV  
  118  10:54  Marauder x2, Marine x4  
  119  11:11  Marine  
  119  11:12  Marine x2  
  119  11:15  Marauder x2  
  119  11:16  Viking x2  
  119  11:18  Raven  
  130  11:20  Marine  
  130  11:22  SCV x2  
  130  11:24  Refinery x2  
  133  11:33  Command Center  
  133  11:35  Supply Depot  
  133  11:36  Supply Depot  
  133  11:37  Terran Infantry Armor Level 2, Supply Depot  
  133  11:56  SCV x2, Marine x4, Viking  
  133  11:57  Viking  
  133  11:58  SCV, Marauder x2  
  133  11:59  Supply Depot  
  133  12:01  Raven, Supply Depot  
  150  12:08  SCV x2  
  150  12:14  Marine  
  153  12:16  Sensor Tower  
  153  12:19  Marauder x2  
  157  12:33  Marine  
  158  12:40  Barracks  
  158  12:41  Barracks, Marauder  
  158  12:42  Barracks  
  158  12:43  Barracks  
  160  12:45  Orbital Command, Barracks, Missile Turret  
  160  12:47  SCV x3  
  163  12:55  Marauder, Marine x3  
  168  12:59  SCV  
  168  13:02  Marauder  
  171  13:08  Missile Turret  
  141  13:15  Marine x4  
  141  13:17  Marauder  
  117  13:23  Marauder  
  113  13:29  Missile Turret  
  113  13:32  Thor  
  113  13:33  Marine x3  
  104  13:34  Marine  
  104  13:37  Marine x2  
  104  13:38  Marine x4  
  104  13:44  SCV x3, Marine  
  104  13:48  SCV  
  100  13:51  Marine x3  
  100  13:52  Marine  
  100  13:55  Marine x2  
  101  13:56  SCV x3, Marine x4  
  101  14:00  SCV  
  101  14:02  Marine  
  112  14:08  SCV x2  
  112  14:09  Marine x4  
  117  14:13  Marine x4  
  117  14:14  Marine x2  
  136  14:20  Marine  
Show
View Real Time Build Order
Export as new Build Order

qqq Zerg 

Build Orders: Hatch First, Lurkers 

Get SALT Encoding   

  12  0:01  Drone  
  13  0:08  Drone  
  14  0:18  Overlord  
  14  0:44  Hatchery  
  14  0:48  Drone  
  14  0:51  Drone  
  15  0:58  Drone  
  16  1:04  Drone  
  17  1:36  Extractor, Spawning Pool  
  16  1:40  Drone x2, Overlord  
  17  1:51  Drone  
  18  1:56  Drone  
  19  2:07  Drone  
  19  2:08  Drone  
  21  2:14  Drone  
  22  2:17  Drone  
  22  2:22  Queen x2  
  27  2:31  Drone x2  
  29  2:48  Zergling x2  
  29  2:50  Drone x2, Zergling x2  
  33  2:56  Drone  
  34  3:06  Zergling x2  
  34  3:07  Metabolic Boost  
  35  3:13  Zergling x2  
  35  3:14  Overlord  
  35  3:16  Lair  
  36  3:20  Hatchery  
  36  3:22  Drone  
  36  3:25  Overlord  
  36  3:39  Zergling x8  
  36  3:40  Drone, Zergling x2  
  36  3:41  Drone  
  43  3:52  Roach Warren  
  43  3:53  Drone x3  
  45  3:59  Extractor  
  43  4:03  Drone  
  43  4:04  Drone  
  43  4:07  Evolution Chamber  
  43  4:09  Evolution Chamber  
  43  4:11  Drone  
  42  4:19  Zergling x2  
  42  4:24  Zergling x2  
  42  4:40  Drone x3  
  42  4:41  Drone x2  
  42  4:43  Queen  
  42  4:44  Drone x2  
  42  4:45  Drone  
  52  5:00  Extractor, Roach x3  
  52  5:01  Overlord x2  
  52  5:05  Glial Reconstitution  
  57  5:10  Spore Crawler  
  57  5:11  Spore Crawler  
  55  5:21  Spire  
  55  5:22  Roach  
  55  5:23  Roach  
  55  5:24  Drone x2  
  55  5:25  Zergling x4  
  62  5:46  Hatchery  
  57  5:56  Roach x3  
  57  5:57  Drone x4  
  63  6:03  Queen  
  63  6:04  Spore Crawler  
  64  6:07  Drone x2  
  64  6:10  Overlord x3  
  62  6:20  Overlord x3  
  62  6:23  Spore Crawler  
  59  6:31  Extractor  
  59  6:32  Overlord  
  57  6:39  Overlord x2  
  57  6:46  Corruptor x3  
  61  6:52  Overlord  
  63  7:00  Drone x5  
  68  7:14  Corruptor  
  68  7:15  Corruptor  
  66  7:16  Mutalisk  
  66  7:19  Overlord  
  66  7:21  Drone  
  69  7:31  Drone x3  
  69  7:34  Drone x5  
  77  7:42  Overlord  
  77  7:45  Zerg Flyer Weapons Level 1  
  77  7:51  Drone x2, Spine Crawler  
  77  7:53  Drone x2  
  77  7:54  Drone  
  77  7:55  Drone  
  77  7:58  Zergling x2  
  83  8:06  Spine Crawler, Overlord  
  83  8:07  Spine Crawler  
  75  8:20  Corruptor  
  75  8:21  Corruptor x2  
  75  8:25  Mutalisk x2  
  85  8:27  Drone  
  85  8:28  Drone x2  
  88  8:35  Extractor  
  88  8:36  Drone x2  
  88  8:37  Corruptor  
  82  8:51  Mutalisk, Spine Crawler  
  82  8:52  Corruptor  
  85  9:03  Drone x2  
  85  9:04  Drone x7  
  85  9:05  Queen  
  96  9:12  Spore Crawler  
  96  9:15  Spore Crawler  
  94  9:17  Hydralisk Den  
  94  9:22  Infestation Pit  
  92  9:28  Drone x3  
  92  9:29  Extractor  
  94  9:35  Drone x2, Corruptor x2  
  94  9:37  Drone x2  
  102  9:39  Zergling x2  
  102  9:40  Zergling x2  
  102  9:41  Queen, Zergling x2  
  102  9:43  Extractor, Zergling x4  
  102  9:44  Extractor  
  102  9:45  Zergling x2  
  108  9:52  Lurker Den  
  107  9:53  Zergling x10  
  107  9:55  Zergling x4  
  114  10:08  Zergling x10  
  120  10:14  Drone  
  120  10:15  Overlord x2  
  120  10:18  Zerg Flyer Armor Level 1  
  120  10:19  Hive  
  120  10:20  Overlord  
  120  10:28  Overlord x3  
  114  10:53  Corruptor  
  114  10:54  Corruptor x2  
  114  10:55  Hydralisk x3  
  114  10:56  Hydralisk x2  
  124  10:57  Drone  
  125  11:10  Drone x3  
  128  11:21  Drone x4  
  128  11:22  Drone  
  126  11:34  Corruptor x3  
  126  11:37  Viper x2  
  136  11:40  Hydralisk x3  
  136  11:43  Lurker x4  
  146  11:50  Drone x3  
  146  11:53  Spire  
  148  12:12  Zerg Flyer Weapons Level 2  
  148  12:20  Spine Crawler  
  147  12:35  Queen  
  149  12:39  Hatchery  
  148  12:46  Corruptor x4  
  148  12:47  Overlord, Corruptor  
  148  12:48  Overlord x3  
  148  12:49  Corruptor x2  
  148  12:50  Corruptor  
  164  12:51  Corruptor  
  166  13:11  Queen  
  140  13:23  Corruptor x8  
  140  13:24  Corruptor  
  134  13:29  Corruptor  
  109  13:41  Corruptor  
  109  13:42  Corruptor x2  
  112  13:54  Spore Crawler  
  111  13:56  Spore Crawler  
  111  13:57  Spore Crawler  
  111  13:58  Spore Crawler  
  111  13:59  Spore Crawler  
  111  14:01  Spore Crawler x2  
  111  14:02  Spore Crawler  
  100  14:05  Corruptor x4  
Show
View Real Time Build Order
Export as new Build Order

Predator Terran - Winner!

Build Orders: 2 Factory, Reaper Expand, Mech 

Get SALT Encoding   

  12  0:00  SCV  
  13  0:12  SCV  
  14  0:20  Supply Depot  
  14  0:24  SCV  
  15  0:41  SCV  
  16  0:42  Barracks  
  16  0:54  SCV  
  17  0:57  Refinery  
  17  1:11  SCV  
  18  1:23  SCV  
  19  1:41  Reaper, Command Center  
  19  1:44  Orbital Command  
  20  1:59  Refinery  
  20  2:23  SCV  
  21  2:32  Factory  
  21  2:35  SCV  
  22  2:39  Barracks Reactor  
  22  2:47  SCV  
  22  2:58  Orbital Command  
  22  2:59  SCV  
  23  3:07  Factory  
  23  3:11  SCV  
  24  3:15  Hellion, Marine x2  
  28  3:23  SCV  
  29  3:31  SCV  
  30  3:49  Factory Tech Lab, Marine  
  30  3:50  Marine  
  30  3:51  SCV  
  33  3:56  Bunker  
  33  4:10  Hellion  
  33  4:11  Hellion  
  37  4:20  SCV  
  38  4:24  Infernal Pre-Igniter  
  38  4:25  Supply Depot  
  38  4:31  Refinery  
  38  4:34  SCV, Marine  
  38  4:37  Supply Depot  
  38  4:46  SCV x2  
  38  4:47  Siege Tank  
  38  4:49  Factory  
  45  4:58  SCV x2  
  45  5:06  Refinery  
  45  5:08  Hellion x2  
  45  5:10  SCV x2  
  51  5:18  Factory  
  51  5:20  Hellion, Armory  
  51  5:21  Factory x2  
  53  5:23  SCV  
  54  5:32  SCV  
  54  5:34  Supply Depot x2  
  54  5:35  SCV  
  56  5:37  Factory Tech Lab  
  56  5:44  SCV  
  56  5:47  SCV  
  55  5:53  Cyclone  
  55  5:56  SCV  
  55  5:59  SCV  
  55  6:00  Mag-Field Accelerator  
  56  6:08  SCV  
  56  6:11  Factory Tech Lab x3, SCV  
  58  6:13  Hellion x2  
  62  6:20  SCV, Terran Vehicle Weapons Level 1  
  62  6:23  Barracks Reactor, SCV  
  62  6:25  Cyclone  
  67  6:29  Hellion x2  
  67  6:31  Smart Servos  
  67  6:32  SCV  
  72  6:35  SCV  
  73  6:43  Siege Tank  
  73  6:44  SCV  
  77  6:47  SCV  
  77  6:51  Supply Depot x2  
  77  6:52  Supply Depot  
  78  6:56  SCV  
  78  6:58  Starport  
  79  7:02  Hellion x2  
  83  7:10  Siege Tank  
  84  7:19  Cyclone x2  
  90  7:33  Siege Tank  
  93  7:40  Starport Reactor, Command Center  
  93  7:46  Cyclone  
  85  8:21  Hellion x2  
  85  8:22  Cyclone x3, Hellion  
  93  8:45  Cyclone x2  
  93  8:47  Widow Mine  
  93  8:48  Drilling Claws  
  99  8:52  Viking  
  99  8:54  Cyclone  
  95  9:15  Widow Mine x2  
  102  9:38  Siege Tank x3  
  108  9:48  Engineering Bay  
  108  9:49  Terran Vehicle And Ship Armor Level 1  
  108  9:52  Hellion x4  
  116  9:53  Armory  
  116  10:04  SCV  
  117  10:08  Refinery x2  
  117  10:11  Hellion x2  
  121  10:17  Siege Tank  
  122  10:32  Missile Turret  
  91  11:07  Planetary Fortress  
  91  11:08  Missile Turret  
  91  11:09  Missile Turret x2  
  91  11:10  Missile Turret  
  91  11:11  Missile Turret  
  91  11:12  SCV x2, Missile Turret  
  91  11:13  Missile Turret x2  
  93  11:24  SCV x2  
  95  11:29  Missile Turret  
  95  11:35  Missile Turret  
  95  11:36  SCV x2  
  97  11:44  Starport Tech Lab  
  97  11:45  SCV  
  98  11:48  SCV x2  
  100  11:57  SCV  
  100  12:00  SCV x2  
  103  12:09  SCV  
  103  12:12  SCV x2  
  106  12:21  SCV  
  107  12:24  SCV x2  
  109  12:34  SCV  
  109  12:36  SCV x2  
  116  12:37  Hellion x4  
  116  12:44  Supply Depot x2  
  120  12:46  SCV  
  120  12:48  SCV x2, Supply Depot  
  123  12:54  Raven  
  125  13:05  SCV x2, Thor x2  
  133  13:09  Thor  
  141  13:17  SCV  
  136  13:29  SCV  
  136  13:36  Cyclone x2  
  136  13:48  Cyclone x2  
  139  13:53  Cyclone  
  145  14:02  Hellion x2  
  149  14:15  Supply Depot  
  149  14:16  Supply Depot  
  149  14:18  Supply Depot  
  149  14:19  Supply Depot  
  149  14:26  Command Center  
Show
View Real Time Build Order
Export as new Build Order

Jonny Protoss - Winner!

Build Orders: Phoenix Opening, Carriers, Mass Phoenix 

Get SALT Encoding   

  12  0:01  Probe  
  13  0:13  Probe  
  14  0:19  Pylon  
  14  0:26  Probe  
  15  0:38  Probe  
  15  0:39  Gateway  
  16  0:48  Assimilator  
  16  0:50  Probe  
  17  1:02  Probe  
  18  1:14  Probe  
  19  1:19  Pylon  
  19  1:21  Assimilator  
  19  1:27  Cybernetics Core  
  19  1:32  Probe  
  20  1:56  Probe  
  20  2:00  Stalker (Chrono Boost)  
  23  2:16  Nexus  
  23  2:34  Stargate  
  23  2:38  Probe  
  24  2:50  Probe  
  25  3:02  Probe  
  25  3:14  Probe  
  25  3:16  Stargate  
  26  3:20  Protoss Air Weapons Level 1  
  26  3:24  Assimilator  
  26  3:26  Probe  
  27  3:28  Phoenix  
  27  3:29  Assimilator  
  29  3:36  Probe  
  29  3:38  Probe  
  29  3:39  Pylon  
  31  3:48  Probe  
  32  3:51  Probe  
  33  3:56  Phoenix  
  33  4:00  Probe  
  36  4:03  Probe  
  37  4:12  Probe  
  37  4:15  Probe  
  39  4:17  Phoenix  
  41  4:24  Probe  
  41  4:27  Probe  
  43  4:36  Probe  
  46  4:38  Phoenix (Chrono Boost)  
  46  4:39  Probe  
  46  4:42  Phoenix (Chrono Boost)  
  49  4:48  Probe  
  49  4:51  Probe  
  51  4:54  Pylon  
  51  4:58  Phoenix (Chrono Boost)  
  53  5:01  Probe  
  54  5:29  Probe x2  
  54  5:32  Phoenix x2  
  60  5:35  Robotics Facility  
  60  5:41  Probe x2  
  59  6:00  Phoenix  
  61  6:38  Phoenix  
  61  6:45  Phoenix  
  59  7:10  Phoenix  
  61  7:15  Fleet Beacon  
  61  7:17  Observer, Nexus  
  62  7:23  Fleet Beacon  
  62  7:25  Pylon  
  62  7:27  Pylon  
  62  7:28  Pylon  
  62  7:33  Protoss Air Armor Level 1 (Chrono Boost)  
  62  7:38  Pylon, Stargate  
  62  7:40  Pylon  
  62  7:42  Assimilator  
  62  7:43  Probe x2  
  68  7:45  Assimilator  
  64  7:55  Probe x2  
  66  8:07  Probe x2  
  66  8:09  Carrier (Chrono Boost)  
  66  8:10  Carrier (Chrono Boost)  
  80  8:19  Probe x2  
  80  8:26  Carrier (Chrono Boost)  
  85  8:34  Probe x3  
  85  8:46  Probe  
  80  9:11  Carrier x2 (Chrono Boost)  
  80  9:12  Probe x3  
  80  9:16  Forge  
  95  9:18  Carrier (Chrono Boost)  
  102  9:24  Probe x3  
  104  9:31  Nexus, Protoss Air Weapons Level 2 (Chrono Boost)  
  103  9:54  Protoss Shields Level 1, Pylon  
  103  9:59  Tempest x2 (Chrono Boost)  
  103  10:02  Shield Battery  
  103  10:04  Photon Cannon  
  103  10:06  Photon Cannon  
  113  10:15  Tempest  
  118  10:23  Pylon  
  118  10:24  Mothership (Chrono Boost)  
  118  10:27  Pylon  
  118  10:28  Pylon  
  125  10:30  Pylon  
  125  10:41  Observer  
  126  10:52  Probe  
  126  10:53  Probe x2  
  129  11:04  Probe  
  129  11:05  Probe  
  129  11:06  Carrier x2  
  129  11:07  Carrier  
  149  11:16  Probe  
  149  11:17  Probe x2  
  152  11:20  Pylon  
  152  11:23  Pylon  
  152  11:27  Pylon  
  151  11:42  Shield Battery  
  151  11:43  Shield Battery  
  151  11:46  Photon Cannon  
  151  11:47  Photon Cannon  
  151  11:50  Photon Cannon  
  151  11:51  Probe x3  
  154  12:03  Assimilator  
  154  12:05  Assimilator  
  154  12:06  Warp Gate (Chrono Boost)  
  154  12:10  Carrier  
  154  12:11  Carrier  
  166  12:39  Carrier  
  173  12:44  Probe x4  
  176  12:56  Probe x2  
  167  13:15  Carrier x2  
  179  13:26  Observer  
  169  14:16  Nexus  
  169  14:19  Pylon  
  169  14:20  Pylon  
  169  14:23  Twilight Council  
  175  14:25  Pylon  
Tags
 
Add a new tag
Caveats
  • Supply blocks, unpowered buildings, or Contaminate may cause inaccurate times.
  • Supply counts are checked every 10 seconds.